 Dungeon Crawl Stone Soup version 0.26-a0-21-gf97e55dc39 (webtiles) character file.

Game seed: 17855018434739476840, levelgen mode: deterministic

546 tilp the Bolt Thrower (level 7, 0/44 HPs)
             Began as a Kobold Arcane Marksman on May 26, 2020.
             Was a Follower of Okawaru.
             Slain by a centaur
             ... wielding a cursed +0 shortbow
              (2 damage)
             ... on level 5 of the Dungeon.
             The game lasted 00:09:46 (5404 turns).

tilp the Bolt Thrower (Kobold Arcane Marksman)      Turns: 5404, Time: 00:09:46

Health: 0/44       AC:  7    Str:  9    XL:     7   Next: 53%
Magic:  17/17      EV: 14    Int: 15    God:    Okawaru [*.....]
Gold:   291        SH:  0    Dex: 15    Spells: 7/8 levels left

rFire    . . .     SeeInvis .   b - +0 dagger (elec)
rCold    . . .     Gourm    .   (shield restricted)
rNeg     . . .     Faith    .   g - +0 ring mail
rPois    .         Spirit   .   (no helmet)
rElec    .         Reflect  .   (no cloak)
rCorr    .         Harm     .   (no gloves)
MR       .....                  j - +1 pair of boots
Stlth    ++........             (no amulet)
HPRegen  0.14/turn              u - ring of magical power
MPRegen  0.15/turn              (no ring)

@: very slightly contaminated
A: small, carnivore
a: Heroism, Renounce Religion


You were on level 5 of the Dungeon.
You worshipped Okawaru.
Okawaru was aware of your devotion.
You were very full.

You visited 2 branches of the dungeon, and saw 6 of its levels.

You collected 291 gold pieces.

Inventory:

Hand Weapons
 a - a +1 hand crossbow
 b - a +0 dagger of electrocution (weapon)
 t - a +0 morningstar
Missiles
 d - 57 bolts
 k - 23 poisoned darts (quivered)
Armour
 g - a +0 ring mail (worn)
 j - a +1 pair of boots (worn)
 n - a +0 scale mail
 v - a +1 leather armour of cold resistance
Jewellery
 u - a ring of magical power (left hand)
Scrolls
 e - a scroll of fog
 f - 4 scrolls of fear
 h - 4 scrolls of remove curse
 r - a scroll of identify
Potions
 o - a potion of magic
Comestibles
 c - 9 rations
 w - a chunk of flesh


   Skills:
 + Level 4.9 Fighting
 - Level 6.0 Crossbows
 + Level 4.0 Dodging
 + Level 3.6 Stealth
 - Level 1.1 Spellcasting
 - Level 3.0 Hexes


You had 7 spell levels left.
You knew the following spells:

 Your Spells              Type           Power        Failure   Level  Hunger
a - Corona                Hex            #......      21%         1    ##.....

Your spell library contained the following spells:

 Spells                   Type           Power        Failure   Level  Hunger
 Slow                     Hex            #.......     30%         2    ###....
 Inner Flame              Hex/Fire       #.......     73%         3    ####...
 Portal Projectile        Hex/Tloc       #.....       73%         3    ####...
 Cause Fear               Hex            #.........   89%         4    #####..
 Leda's Liquefaction      Hex/Erth       #.........   98%         4    #####..


Dungeon Overview and Level Annotations

Branches:
Dungeon (5/15)             Temple (1/1) D:4

Altars:
Ashenzari
Cheibriados
Dithmenos
Gozag
Hepliaklqana
Kikubaaqudgha
Makhleb
Nemelex Xobeh
Okawaru
Qazlal
Ru
Trog
Uskayaw
Vehumet
Xom
Yredelemnul
Zin
The Shining One


Innate Abilities, Weirdness & Mutations

You are small and have problems with some larger weapons.
You are carnivorous and can eat meat at any time.


Message History

The orc wizard is almost dead.
The orc wizard casts a cantrip, but nothing happens.
You closely miss the orc wizard.
The orc wizard is almost dead.
The orc wizard closely misses you.
You hit the orc wizard.
You kill the orc wizard!
Okawaru accepts your kill.
Your Dodging skill increases to level 4!
The centaur shoots an arrow.
The arrow hits you.
* * * LOW HITPOINT WARNING * * *
The centaur shoots an arrow.
The arrow hits you!
* * * LOW HITPOINT WARNING * * *
The orc wizard points at you and mumbles some strange words.
The magic dart hits you.
* * * LOW HITPOINT WARNING * * *
Okay, then.
You aren't carrying any items that you can evoke.
The centaur hits you with a cursed +0 shortbow.
You die...

#. #.# #+## #.#.##
#.# #...# #.#..#
#.##..... #>#..#
#.#......
####...)###..[.....
##
o).....((.((......Y
..
#.##...J...........
##
#...oc#####[.....
#.###@# #..... #
#(# #...# #.# #+##
..# ####


You could see a centaur, a jelly and an orc wizard.

Vanquished Creatures
  Sigmund (D:5)
  2 hounds (D:4)
  5 orc wizards
  Terence (D:2)
  A worker ant (D:4)
  3 adders
  An adder skeleton (D:2)
  5 dart slugs
  A leopard gecko (D:4)
  12 orcs
  5 giant cockroaches
  12 goblins
  7 hobgoblins
  7 jackals
  3 kobolds
  2 quokkas (D:4)
  A ball python (D:3)
  11 bats
  6 frilled lizards
  5 rats
91 creatures vanquished.

Notes
Turn   | Place    | Note
-------+----------+-------------------------------------------
     0 | D:1      | tilp the Kobold Arcane Marksman began the quest for the
                  | Orb.
     0 | D:1      | Reached XP level 1. HP: 12/12 MP: 2/2
   203 | D:1      | Reached XP level 2. HP: 17/17 MP: 3/3
  1155 | D:1      | Reached XP level 3. HP: 20/23 MP: 1/4
  2025 | D:2      | Reached XP level 4. HP: 29/29 MP: 5/5
  2394 | D:2      | Reached skill level 3 in Crossbows
  2531 | D:2      | Noticed Terence
  2541 | D:2      | Killed Terence
  2715 | D:3      | Reached skill level 4 in Crossbows
  2715 | D:3      | Reached XP level 5. HP: 25/33 MP: 6/6
  3442 | D:3      | Reached skill level 5 in Crossbows
  3874 | D:4      | Reached XP level 6. HP: 38/38 MP: 7/7
  4207 | D:4      | Reached skill level 6 in Crossbows
  4228 | D:4      | Reached skill level 1 in Stealth
  4810 | D:4      | Found a staircase to the Ecumenical Temple.
  4820 | Temple   | Entered the Ecumenical Temple
  5017 | Temple   | Became a worshipper of Warmaster Okawaru
  5358 | D:5      | Entered Level 5 of the Dungeon
  5376 | D:5      | Noticed an ice beast
  5377 | D:5      | Noticed Sigmund
  5391 | D:5      | Killed Sigmund
  5391 | D:5      | Reached * piety under Okawaru
  5391 | D:5      | Reached XP level 7. HP: 8/44 MP: 8/8
  5403 | D:5      | HP: 2/44 [orc wizard/magic dart (4)]
  5404 | D:5      | Slain by a centaur

Illustrated notes

Levels and vault maps discovered:
D:1:      minmay_arrival_four_circles, layout_basic
D:2:      layout_basic, first_ration, minmay_goblin_kobold_house, uniq_terence
D:3:      layout_loops_ring, minivault_27
D:4:      layout_loops_ring, minmay_temple_entry_sparse_star
D:5:      layout_loops_corners, nicolae_overflow_crystal_walls, fedhas_altar_3,
          enter_ossuary_4, uniq_menkaure, uniq_sigmund
Temple:   eino_narrow_crystal_temple

Skill      XL: |  1  2  3  4  5  6  7 |
---------------+----------------------+-----
Fighting       | 2 3 4 |  4.9
Crossbows      | 4 5 6 |  6.0
Stealth        | 3 |  3.6
Dodging        | 3 4 |  4.0
Spellcasting   | |  1.1
Hexes          | |  3.0

Action                   |  1- 3 |  4- 6 |  7- 9 || total
-------------------------+-------+-------+-------++-------
Melee: Dagger            |    94 |   189 |     6 ||   289
 Fire: Hand crossbow     |    49 |    41 |       ||    90
 Cast: Corona            |    17 |     5 |       ||    22
  Use: Scroll            |     2 |     9 |       ||    11
       Potion            |       |     1 |     2 ||     3
 Stab: Sleeping          |       |     1 |       ||     1
  Eat: Chunk             |    13 |     8 |       ||    21
Armor: Robe              |     1 |       |       ||     1
       Ring mail         |    32 |    70 |     1 ||   103
Dodge: Dodged            |    76 |   163 |     7 ||   246

Table legend:
 A = Non-vault XP
 B = Vault XP
 C = Vault XP percentage of total XP
 D = Non-vault monster count
 E = Vault monster count
 F = Vault count percentage of total count
                 A         B        C        D         E       F
            +---------+---------+-------+---------+---------+-------
      Total |     513 |     267 |  34.2 |      85 |       6 |   6.6
            +---------+---------+-------+---------+---------+-------
        D:1 |      40 |       0 |   0.0 |      21 |       0 |   0.0
        D:2 |      47 |      44 |  48.4 |      18 |       5 |  21.7
        D:3 |     108 |       0 |   0.0 |      28 |       0 |   0.0
        D:4 |     277 |       0 |   0.0 |      16 |       0 |   0.0
        D:5 |      41 |     223 |  84.5 |       2 |       1 |  33.3
            +---------+---------+-------+---------+---------+-------
